 Dungeon Crawl Stone Soup version 0.30.0-5-g1a98f26d00 (webtiles) character file.

Game seed: 17465443268528785121

3037 SnakkuSnakku7 the Basher (level 10, -1/70 HPs)
             Began as a Human Cinder Acolyte on May 13, 2023.
             Was a High Priest of Ignis.
             Slain by a death yak (6 damage)
             ... on level 8 of the Dungeon.
             The game lasted 00:07:12 (5949 turns).

SnakkuSnakku7 the Basher (Human Cinder Acolyte)     Turns: 5949, Time: 00:07:12

Health: -1/70      AC:  8    Str: 19    XL:     10   Next: 11%
Magic:  11/11      EV:  9    Int: 18    God:    Ignis [*****.]
Gold:   440        SH:  0    Dex:  9    Spells: 11/11 levels left

rFire   + + +        a - +11 flail "Xuxukiw" {freeze, rF++ rC+ Stlth+}
rCold   + + .        (no shield)
rNeg    . . .        v - +1 scale mail of Watchfulness {Harm Regen+ Int+4 Stlth+}
rPois   .            (no helmet)
rElec   .            (no cloak)
rCorr   .            (no gloves)
SInv    .            i - +0 pair of boots
Will    .....        (no amulet)
Stlth   ++           l - ring of protection from cold
HPRegen 1.11/turn    (no ring)
MPRegen 0.12/turn

%: harm (+30% outgoing, +20% incoming)
@: no status effects
A: no striking features
a: Renounce Religion, Fiery Armour, Foxfire Swarm, Rising Flame


You were on level 8 of the Dungeon.
You worshipped Ignis.
Ignis was extremely pleased with you.
You visited 1 branch of the dungeon, and saw 8 of its levels.

You collected 440 gold pieces.

Inventory:

Hand Weapons
 a - the +11 flail "Xuxukiw" (weapon) {freeze, rF++ rC+ Stlth+}
   (You found it on level 6 of the Dungeon)

   rF:        It greatly protects you from fire.
   rC:        It protects you from cold.
   Stlth:     It makes you more stealthy.
Missiles
 g - 11 poisoned darts (quivered)
Armour
 b - a +0 robe
 e - a +0 chain mail
 i - a +0 pair of boots (worn)
 v - the +1 scale mail of Watchfulness (worn) {Harm Regen+ Int+4 Stlth+}
   (You found it on level 4 of the Dungeon)

   Int:       It affects your intelligence (+4).
   Regen:     It increases your rate of health regeneration.
   Harm:      It increases damage dealt and taken.
   Stlth:     It makes you more stealthy.
Jewellery
 l - a ring of protection from cold (left hand)
 y - a ring of fire
Wands
 o - a wand of iceblast (9)
 u - a wand of paralysis (9)
 H - a wand of acid (11)
Scrolls
 c - 2 scrolls of fog {unknown}
 d - a scroll of fear {unknown}
 h - 2 scrolls of enchant weapon {unknown}
 k - 3 scrolls of blinking {unknown}
 n - 2 scrolls of teleportation {unknown}
 p - 3 scrolls of noise {unknown}
 r - 6 scrolls of identify {unknown}
 s - 2 scrolls of immolation {unknown}
 x - 2 scrolls of enchant armour {unknown}
 F - a scroll of poison {unknown}
Potions
 f - 3 potions of curing {unknown}
 j - a potion of ambrosia {unknown}
 m - 2 potions of mutation {unknown}
 q - a potion of magic {unknown}
 t - a potion of berserk rage {unknown}
 w - a potion of experience {unknown}
 z - a potion of resistance {unknown}
 A - 2 potions of heal wounds {unknown}
 B - a potion of attraction {unknown}
 C - a potion of degeneration {unknown}
 D - a potion of lignification {unknown}
 E - 2 potions of brilliance {unknown}
 G - 2 potions of invisibility {unknown}


   Skills:
 - Level 3.0 Fighting
 + Level 13.6 Maces & Flails
 - Level 1.0 Spellcasting
 - Level 3.0 Fire Magic


You had 11 spell levels left.
You didn't know any spells.
Your spell library contained the following spells:

 Spells                   Type           Power      Damage    Failure   Level
 Scorch                   Fire           22%        2d5       28%         2
 Sting                    Tmut/Pois      0%         1d3       54%         1
 Poisonous Vapours        Pois/Air       0%         N/A       67%         2
 Call Canine Familiar     Summ           0%         N/A       88%         3
 Portal Projectile        Hex/Tloc       0%         N/A       88%         3
 Leda's Liquefaction      Hex/Erth       0%         N/A       99%         4
 Olgreb's Toxic Radiance  Pois           0%         N/A       99%         4
 Summon Forest            Summ/Tloc      0%         N/A       100%        5
 Eringya's Noxious Bog    Tmut/Pois      0%         N/A       100%        6
 Summon Hydra             Summ           0%         N/A       100%        7


Dungeon Overview and Level Annotations

Branches:
Dungeon (8/15)             Temple (0/1) D:7
   Lair: D:8-11

Altars:
Cheibriados
Dithmenos
Fedhas
Gozag
Makhleb
Nemelex Xobeh
Ru
The Shining One

Shops:
D:6 *   D:7 [   D:8 ?


Message History

The death yak is moderately wounded.
The death yak gores you.
You sock the death yak! You freeze the death yak.
The death yak is heavily wounded.
You bludgeon the death yak!! You freeze the death yak!
The death yak is almost dead.
The death yak gores you but does no damage.
You bludgeon the death yak!! You freeze the death yak.
You kill the death yak!
Your Maces & Flails skill increases to level 13!
You have reached level 10!
You start resting.
HP restored.
Unknown command.
You climb downwards.
The death yak gores you!
There is a stone staircase leading up, spattered with blood here.
You sock the death yak! You freeze the death yak.
The death yak is moderately wounded.
The death yak gores you!!
You are too injured to fight recklessly!
You are too injured to fight recklessly!
You are too injured to fight recklessly!
You are too injured to fight recklessly!
You hit the death yak. You freeze the death yak.
The death yak is moderately wounded.
The death yak gores you but does no damage.
You barely miss the death yak.
The death yak is moderately wounded.
The death yak gores you!
* * * LOW HITPOINT WARNING * * *
You barely miss the death yak.
The death yak is moderately wounded.
You sock the death yak! You freeze the death yak.
The death yak is heavily wounded.
The death yak gores you!
* * * LOW HITPOINT WARNING * * *
You hit the death yak. You freeze the death yak.
The death yak is heavily wounded.
The death yak gores you.
You die...

#...# #...#########
#...#.......#
#######...#.#####.#
.....(>.....# #.#
######.......# #.#
.........>.).# #.#######
######....[..#####.#......
........Y@..............(.
#######.###..#.....#.#####
.........(...#+#####.#
#######.###.....Y....#
#.#........Y...#####
#.#............'....
#.#............#####
#.#......####### ###
#.#......# #..


You could see a death yak.

Vanquished Creatures
  A death yak (D:7)
  A troll (D:7)
  A slime creature (D:7)
  A wyvern (D:7)
  A basilisk (D:7)
  A water moccasin (D:7)
  3 sky beasts
  An ogre (D:5)
  2 centaurs (D:7)
  A phantom (D:7)
  2 bullfrogs (D:7)
  4 scorpions
  A wight (D:7)
  An electric eel (D:6)
  A howler monkey (D:6)
  3 jellies
  3 hounds
  A gnoll bouda (D:8)
  An orc priest (D:7)
  2 sleepcaps
  3 iguanas
  An orc wizard (D:7)
  6 gnolls
  7 adders
  2 shadow imps
  A white imp (D:7)
  An ufetubus (D:5)
  A worm (D:3)
  3 dart slugs
  9 orcs
  4 endoplasms
  3 giant cockroaches
  8 hobgoblins
  2 quokkas
  7 ball pythons
  4 bats
  11 frilled lizards (D:2)
  3 goblins
  2 kobolds
  7 rats
117 creatures vanquished.

Notes
Turn   | Place    | Note
-------+----------+-------------------------------------------
     0 | D:1      | SnakkuSnakku7 the Human Cinder Acolyte began the quest for
                  | the Orb.
     0 | D:1      | Reached XP level 1. HP: 18/18 MP: 2/2
   421 | D:1      | Reached XP level 2. HP: 20/24 MP: 3/3
  1016 | D:2      | Reached skill level 4 in Maces & Flails
  1016 | D:2      | Reached XP level 3. HP: 21/29 MP: 4/4
  1544 | D:2      | Reached XP level 4. HP: 32/35 MP: 5/5
  1707 | D:3      | Reached skill level 5 in Maces & Flails
  2138 | D:3      | Reached XP level 5. HP: 38/41 MP: 6/6
  2177 | D:3      | Reached skill level 6 in Maces & Flails
  2395 | D:3      | Reached XP level 6. HP: 44/47 MP: 7/7
  2855 | D:4      | Identified the +1 scale mail of Watchfulness {Harm Regen+
                  | Int+4 Stlth+}
  2986 | D:4      | Found a sparkling altar of Nemelex Xobeh.
  3289 | D:5      | Entered Level 5 of the Dungeon
  3296 | D:5      | Reached skill level 7 in Maces & Flails
  3457 | D:5      | Reached XP level 7. HP: 50/52 MP: 8/8
  3489 | D:5      | Found a glowing golden altar of the Shining One.
  3610 | D:5      | Reached skill level 8 in Maces & Flails
  3759 | D:5      | Reached XP level 8. HP: 52/58 MP: 9/9
  4150 | D:6      | Reached skill level 9 in Maces & Flails
  4176 | D:6      | Found Gozag's Platinum Reserve.
  4178 | D:6      | Identified the +11 flail "Xuxukiw" {freeze, rF++ rC+
                  | Stlth+}
  4224 | D:6      | Found a burning altar of Makhleb.
  4351 | D:6      | Found a blossoming altar of Fedhas.
  4462 | D:6      | Found an opulent altar of Gozag.
  4532 | D:6      | Found a sacrificial altar of Ru.
  4590 | D:6      | Found a shadowy altar of Dithmenos.
  4890 | D:7      | Noticed a troll
  4895 | D:7      | Reached skill level 10 in Maces & Flails
  4900 | D:7      | Killed a troll
  4902 | D:7      | Noticed a basilisk
  4969 | D:7      | Reached XP level 9. HP: 63/63 MP: 10/10
  4994 | D:7      | Reached skill level 11 in Maces & Flails
  5062 | D:7      | Reached skill level 12 in Maces & Flails
  5241 | D:7      | Found a snail-covered altar of Cheibriados.
  5241 | D:7      | Noticed a torpor snail
  5241 | D:7      | Noticed a torpor snail
  5245 | D:7      | Noticed a torpor snail
  5453 | D:7      | Found a staircase to the Ecumenical Temple.
  5470 | D:7      | Found Vocuarghi's Antique Armour Shop.
  5717 | D:8      | Noticed a gargoyle
  5853 | D:8      | Found Poabluk's Magic Scroll Emporium.
  5874 | D:8      | Noticed a death yak
  5874 | D:8      | Noticed a death yak
  5921 | D:7      | Killed a death yak
  5922 | D:7      | Reached skill level 13 in Maces & Flails
  5922 | D:7      | Reached XP level 10. HP: 48/70 MP: 11/11
  5949 | D:8      | Slain by a death yak

Illustrated notes

Levels and vault maps discovered:
D:1:      dpeg_arrival_stone_temple_mockup, layout_basic
D:2:      layout_basic, minmay_lizard_king
D:3:      layout_basic
D:4:      layout_basic, nemelex_altar_shiori
D:5:      layout_cave_pods, mainiacjoe_overflow_concentric_impassable
D:6:      layout_gridville, overflow_temple_1_default, kennysheep_mini,
          nicolae_gozag_zags_fifth_avenue, general_overflow_altar,
          nicolae_overflow_crystal_walls, dk_vineyard_2, nicolae_water_bricks,
          kennysheep_decorative_pillar, kennysheep_generic_room_3
D:7:      layout_loops_corners, cheibriados_altar_2, temple_statues,
          serial_shops, nicolae_shop_advertising_works
          [nicolae_subvault_shop_adworks], hangedman_minor_gate_pass
D:8:      layout_basic, ashenzari_altar_1, dpeg_lair_monsters, serial_shops,
          shop, uniq_grum

Skill      XL: |  1  2  3  4  5  6  7  8  9 |
---------------+----------------------------+-----
Maces & Flails | 4 5 6 7 8 10 13 | 13.6
Fighting       | |  3.0
Spellcasting   | |  1.0
Fire Magic     | |  3.0

Action                     |  1- 3 |  4- 6 |  7- 9 | 10-12 || total
---------------------------+-------+-------+-------+-------++-------
  Melee: Mace              |    86 |    41 |       |       ||   127
         Flail             |       |   110 |   110 |     6 ||   226
         Punch             |       |     1 |     3 |       ||     4
  Evoke: Wand              |       |       |     4 |       ||     4
   Stab: Sleeping          |       |       |     5 |       ||     5
         Paralysed         |       |       |     3 |       ||     3
 Armour: Robe              |     6 |       |       |       ||     6
         Chain mail        |    58 |    93 |       |       ||   151
         Scale mail        |       |    10 |    69 |     1 ||    80
  Dodge: Dodged            |    33 |    68 |    52 |       ||   153
